 Dungeon Crawl Stone Soup version 0.29-a0-841-g116ddc6ace (webtiles) character file.

Game seed: 4077368124696404137

231 vineage the Covered (level 6, -2/39 HPs)
             Began as a Gargoyle Fighter on July 14, 2022.
             Slain by a gnoll
             ... wielding a +0 halberd
             ... led by a gnoll sergeant
              (8 damage)
             ... on level 5 of the Dungeon.
             The game lasted 00:04:52 (4252 turns).

vineage the Covered (Gargoyle Fighter)              Turns: 4252, Time: 00:04:52

Health: -2/39      AC: 16    Str: 22    XL:     6   Next: 4%
Magic:  15/15      EV:  6    Int:  8    God:
Gold:   190        SH:  4    Dex:  9    Spells: 5/5 levels left

rFire   . . .      SeeInvis .   a - +1 flail
rCold   + . .      Faith    .   c - +0 buckler
rNeg    + . .      Spirit   .   e - +0 plate armour
rPois   ∞          Reflect  .   (no helmet)
rElec   +          Harm     .   (no cloak)
rCorr   .          Rampage  .   (no gloves)
Will    .....      Clarity  +   (no boots)
Stlth   ..........              (no amulet)
HPRegen 0.13/turn               g - ring of magical power
MPRegen 0.14/turn               (no ring)

@: mighty, hasted, very quick
A: sickness immunity, AC +4, negative energy resistance 1, electricity
resistance, torment resistance 1, petrification resistance, clarity, cold
resistance 1, noise suppression
a: no special abilities


You were on level 5 of the Dungeon.
You visited 2 branches of the dungeon, and saw 6 of its levels.

You collected 190 gold pieces.

Inventory:

Hand Weapons
 a - a +1 flail (weapon)
Armour
 b - a +0 scale mail
 c - a +0 buckler (worn)
 e - a +0 plate armour (worn)
Jewellery
 g - a ring of magical power (left hand)
 i - a ring of fire
 l - an amulet of faith
 n - a ring of willpower
Scrolls
 f - a scroll of silence {unknown}
 h - a scroll of vulnerability {unknown}
 k - a scroll of fear
 p - a scroll of enchant armour
 s - a scroll of identify
 t - a scroll of poison {unknown}
 u - a scroll of immolation {unknown}
 w - a scroll of fog {unknown}
Potions
 d - a potion of might
 j - a potion of curing
 o - a potion of cancellation
 q - a potion of brilliance
 r - a potion of magic {unknown}
 v - a potion of heal wounds {unknown}


   Skills:
 + Level 4.3 Fighting
 * Level 4.1 Maces & Flails
 + Level 4.3 Armour
 + Level 4.3 Shields


You had 5 spell levels left.
You didn't know any spells.
Your spell library contained the following spells:

 Spells                   Type           Power      Damage    Failure   Level
 Beastly Appendage        Tmut           0%         N/A       100%        1
 Summon Small Mammal      Summ           0%         N/A       100%        1
 Blink                    Tloc           0%         N/A       100%        2
 Wereblood                Tmut           0%         N/A       100%        2
 Call Canine Familiar     Summ           0%         N/A       100%        3
 Spider Form              Tmut/Pois      0%         N/A       100%        3
 Summon Guardian Golem    Hex/Summ       0%         N/A       100%        3
 Manifold Assault         Tloc           0%         N/A       100%        5
 Storm Form               Tmut/Air       0%         N/A       100%        7


Dungeon Overview and Level Annotations

Branches:
Dungeon (5/15)             Temple (1/1) D:4

Altars:
Ashenzari
Cheibriados
Dithmenos
Elyvilon
Gozag
Hepliaklqana
Nemelex Xobeh
Ru
Trog
Vehumet
Wu Jian
Xom
Yredelemnul
Zin


Innate Abilities, Weirdness & Mutations

You are immune to sickness and miasma.
Your stone body is resilient. (AC +4)
You are immune to poison.
You resist negative energy. (rN+)
You are resistant to electric shocks. (rElec)
You are resistant to unholy torment.
You are immune to petrification.
You possess an exceptional clarity of mind.
Your flesh is cold resistant. (rC+)
You passively dampen the noise of your surroundings.


Message History

You barely miss the gnoll sergeant.
The gnoll sergeant is moderately wounded.
The gnoll sergeant hits you with a +0 spear.
The gnoll hits you but does no damage.
You feel very mighty all of a sudden.
The gnoll sergeant hits you with a +0 spear!
* * * LOW HITPOINT WARNING * * *
The gnoll hits you but does no damage.
You barely miss the gnoll sergeant.
The gnoll sergeant is moderately wounded.
The gnoll sergeant hits you but does no damage.
The gnoll barely misses you. The gnoll sergeant blocks your attack.
The gnoll sergeant is moderately wounded.
The gnoll sergeant completely misses you.
The gnoll hits you from afar with a +0 halberd.
* * * LOW HITPOINT WARNING * * *
The gnoll sergeant blocks your attack.
The gnoll sergeant is moderately wounded.
The gnoll sergeant hits you but does no damage.
The gnoll hits you but does no damage.
The gnoll sergeant hits you with a +0 spear.
* * * LOW HITPOINT WARNING * * *
The gnoll hits you but does no damage.
You feel better. The gnoll sergeant barely misses you.
You block the gnoll's attack.
You feel yourself speed up. You block the gnoll sergeant's attack.
The gnoll hits you from afar with a +0 halberd!
* * * LOW HITPOINT WARNING * * *
You barely miss the gnoll sergeant.
The gnoll sergeant is moderately wounded.
You hit the gnoll sergeant but do no damage.
The gnoll sergeant is moderately wounded.
The gnoll sergeant barely misses you. You block the gnoll's attack.
The gnoll sergeant blocks your attack.
The gnoll sergeant is moderately wounded.
The gnoll sergeant hits you but does no damage.
A gnoll comes into view. It is wielding a +1 spear of flaming.
The gnoll hits you from afar with a +0 halberd!
You die...

.# # # .# .#. .#
#.# #.# ##.# #.# #
#.# g..# #.#.# #.#
#g.###.#. ##.## .
#g....... ##...##.
#@# #.# #.###...
#.####.####.# #.#.
#...........###.#
#..#...#####...##.
#..#.### ##.##.#
#..#.# #....#
#..#.# #.<##>#
#..#.# #..###.
..>#.#######......


You could see a gnoll sergeant and 2 gnolls.

Vanquished Creatures
  A phantom (D:5)
  A scorpion (D:4)
  3 adders
  2 dart slugs
  An orc (D:3)
  6 ball pythons
  4 bats
  7 endoplasms
  A giant cockroach (D:4)
  6 goblins
  8 hobgoblins
  6 jackals
  2 quokkas
  4 frilled lizards
  3 kobolds
  4 rats
59 creatures vanquished.

Notes
Turn   | Place    | Note
-------+----------+-------------------------------------------
     0 | D:1      | vineage the Gargoyle Fighter began the quest for the Orb.
     0 | D:1      | Reached XP level 1. HP: 14/14 MP: 1/1
   264 | D:1      | Reached XP level 2. HP: 2/19 MP: 2/2
  1144 | D:1      | Reached XP level 3. HP: 21/23 MP: 3/3
  1985 | D:2      | Found a faded altar of an unknown god.
  2138 | D:2      | Reached XP level 4. HP: 29/29 MP: 4/4
  2455 | D:2      | Gained mutation: Your mind is acute. (Int +4, Str/Dex -1)
                  | [potion of mutation]
  2455 | D:2      | Gained mutation: You have a pair of small horns on your
                  | head. [potion of mutation]
  2505 | D:3      | Lost mutation: You have a pair of small horns on your head.
                  | [potion of mutation]
  2505 | D:3      | Lost mutation: Your mind is acute. (Int +4, Str/Dex -1)
                  | [potion of mutation]
  2505 | D:3      | Gained mutation: Your large and strong wings let you fly.
                  | [potion of mutation]
  2505 | D:3      | Gained mutation: You possess an exceptional clarity of
                  | mind. [potion of mutation]
  2505 | D:3      | Gained mutation: You are frail. (-10% HP) [potion of
                  | mutation]
  2505 | D:3      | Gained mutation: You passively dampen the noise of your
                  | surroundings. [potion of mutation]
  2506 | D:3      | Lost mutation: You are frail. (-10% HP) [potion of
                  | mutation]
  2506 | D:3      | Lost mutation: Your large and strong wings let you fly.
                  | [potion of mutation]
  2506 | D:3      | Gained mutation: Your flesh is cold resistant. (rC+)
                  | [potion of mutation]
  2595 | D:3      | Found an opulent altar of Gozag.
  3124 | D:3      | Found a shadowy altar of Dithmenos.
  3318 | D:4      | Noticed a scorpion
  3329 | D:4      | Killed a scorpion
  3330 | D:4      | Reached XP level 5. HP: 22/33 MP: 5/5
  3696 | D:4      | Found a staircase to the Ecumenical Temple.
  3792 | Temple   | Entered the Ecumenical Temple
  4140 | D:5      | Entered Level 5 of the Dungeon
  4180 | D:5      | Noticed a phantom
  4194 | D:5      | Killed a phantom
  4195 | D:5      | Reached XP level 6. HP: 25/39 MP: 6/6
  4252 | D:5      | Slain by a gnoll

Illustrated notes

Levels and vault maps discovered:
D:1:      minmay_arrival_shoal_huts, layout_basic
D:2:      layout_basic, shapermc_ecumenical_altar_mp_highgroup,
          grunt_ministairs_14
D:3:      layout_loops_cross, lemuel_crystal_altar,
          mainiacjoe_overflow_chevrons, kennysheep_generic_room_10
D:4:      layout_loops_cross, temple_doors_e
D:5:      lemuel_insect_pit, layout_loops_ring, eat_drink_and_be_merry_uskayaw,
          serial_shops, nicolae_lakefront_shop
Temple:   nicolae_temple_godzebo

Skill      XL: |  1  2  3  4  5 |
---------------+----------------+-----
Maces & Flails | 3 4 |  4.1
Fighting       | 4 |  4.3
Armour         | 4 |  4.3
Shields        | 4 |  4.3

Action                   |  1- 3 |  4- 6 || total
-------------------------+-------+-------++-------
Melee: Flail             |   132 |    75 ||   207
  Use: Scroll            |     1 |     7 ||     8
       Potion            |       |     6 ||     6
Armor: Plate armour      |   120 |    39 ||   159
Dodge: Dodged            |    44 |    28 ||    72
Block: Buckler           |    40 |    23 ||    63

Table legend: (Time is in decaauts)
 A = Elapsed time spent in this place.
 B = Non-inter-level travel time spent in this place.
 C = Inter-level travel time spent in this place.
 D = Time resting spent in this place.
 E = Time spent auto-exploring this place.
 F = Levels seen in this place.
 G = Mean time per level.
                   A        B        C        D        E       F      G
               +--------+--------+--------+--------+--------+-----+--------+
         Total |   4312 |   4121 |    191 |    156 |   3439 |   6 |  718.7 |
       Dungeon |   4201 |   4052 |    149 |    156 |   3378 |   5 |  840.2 |
        Temple |    111 |     69 |     42 |      0 |     61 |   1 |  111.0 |
               +--------+--------+--------+--------+--------+-----+--------+

Top non-repeatable levels by time:
     D:1: 1572 daAuts
     D:2: 976 daAuts
     D:4: 855 daAuts
     D:3: 680 daAuts
     D:5: 116 daAuts
  Temple: 111 daAuts
